 Dungeon Crawl Stone Soup version 0.29-a0-483-g69413ace17 (webtiles) character file.

Game seed: 8803090204228689648

5873 snarfax the Severer (level 10, -16/77 HPs)
             Began as a Minotaur Berserker on May 25, 2022.
             Was an Elder of Trog.
             Demolished by a two-headed ogre
             ... wielding a +0 giant spiked club
              (24 damage)
             ... on level 9 of the Dungeon.
             The game lasted 00:22:49 (11585 turns).

snarfax the Severer (Minotaur Berserker)           Turns: 11585, Time: 00:22:50

Health: -16/77     AC:  6    Str: 24    XL:     10   Next: 52%
Magic:  0/9        EV: 10    Int:  6    God:    Trog [****..]
Gold:   570        SH:  0    Dex: 10    Spells: 9/9 levels left

rFire   . . .      SeeInvis .   r - +0 battleaxe
rCold   . . .      Faith    .   (shield currently unavailable)
rNeg    + . .      Spirit   +   L - +3 scale mail {rPois}
rPois   +          Reflect  .   (helmet restricted)
rElec   .          Harm     .   (no cloak)
rCorr   .          Rampage  .   D - +0 pair of gloves
Will    +....                   (no boots)
Stlth   ..........              m - amulet of guardian spirit
HPRegen 0.22/turn               o - ring of positive energy
MPRegen 0.11/turn               f - ring of willpower

@: corroded
A: horns 2, retaliatory headbutt
a: Renounce Religion, Berserk, Trog's Hand, Brothers in Arms


You were on level 9 of the Dungeon.
You worshipped Trog.
Trog was greatly pleased with you.
You visited 1 branch of the dungeon, and saw 9 of its levels.
You also visited: Bailey.

You collected 570 gold pieces.

Inventory:

Hand Weapons
 a - a +0 hand axe
 g - a +1 war axe
 r - a +0 battleaxe (weapon)
Missiles
 e - 4 boomerangs
 B - 33 poisoned darts (quivered)
Armour
 b - a +0 animal skin
 i - a +0 ring mail
 j - a +1 leather armour
 s - a +0 chain mail
 D - a +0 pair of gloves (worn)
 L - a +3 scale mail of poison resistance (worn)
Jewellery
 d - an amulet of reflection
 f - a ring of willpower (right hand)
 m - an amulet of guardian spirit (around neck)
 o - a ring of positive energy (left hand)
 w - an amulet of faith
Wands
 t - a wand of digging (6)
 A - a wand of polymorph (8)
 G - a wand of paralysis (10)
 H - a wand of flame (21)
Scrolls
 p - 2 scrolls of teleportation {unknown}
 q - 2 scrolls of amnesia
 u - a scroll of fog {unknown}
 y - 2 scrolls of fear
 C - a scroll of enchant armour
 F - a scroll of torment {unknown}
 M - a scroll of magic mapping
Potions
 c - 2 potions of heal wounds
 h - 9 potions of curing
 k - a potion of mutation
 l - a potion of ambrosia
 n - 3 potions of degeneration
 v - 2 potions of invisibility
 x - 4 potions of might
 z - 3 potions of flight
 E - a potion of brilliance
 I - a potion of cancellation {unknown}
 J - a potion of haste {unknown}
Miscellaneous
 K - a tin of tremorstones (2/2)


   Skills:
 - Level 3.6 Fighting
 + Level 18.6 Axes
 - Level 2.4 Armour
 - Level 2.1 Dodging


You had 9 spell levels left.
You didn't know any spells.
Your spell library was empty.

Dungeon Overview and Level Annotations

Branches:
Dungeon (9/15)             Temple (0/1) D:7          Bailey (visited)
   Lair: D:8-11         Orc: D:9-12

Altars:
Kikubaaqudgha

Shops:
D:3 =

Annotations:
D:3 2 transporters, frimble's ghost, amateur GnWr


Innate Abilities, Weirdness & Mutations

You have a pair of horns on your head.
You reflexively headbutt those who attack you in melee.


Message History

The splash of acid hits you!! The acid corrodes you!
An orc wizard comes into view. It is wielding a +4 dagger.
A two-headed ogre comes into view.
It is wielding two +0 giant spiked clubs.
The two-headed ogre shouts in stereo!
The acid dragon bites you. The acid dragon barely misses you.
You closely miss the acid dragon.
You headbutt the acid dragon, but do no damage.
An orc wizard comes into view. It is wielding a +0 dagger.
The acid dragon spits acid at you. The splash of acid hits you!!
You hear a shout! x2
You closely miss the acid dragon.
The orc wizard shouts!
You headbutt the acid dragon!
The acid dragon is moderately wounded.
The orc wizard mumbles some strange words.
The orc wizard flickers and vanishes!
Deactivating autopickup; reactivate with Ctrl-A.
The acid dragon bites you.
The acid dragon claws you but does no damage.
You closely miss the acid dragon.
The acid dragon is moderately wounded.
You barely miss the orc wizard. You slice the acid dragon!!
You kill the acid dragon!
Trog accepts your kill.
The acid dragon scales are intact enough to wear.
You miss the orc wizard.
An orc wizard comes into view. It is wielding a +0 dagger.
The orc wizard closely misses you.
You fail to use your ability.
The orc wizard shouts!
The orc wizard points at you and mumbles some strange words.
The puff of flame hits you!
The orc wizard hits you with a +4 dagger.
You fail to use your ability.
The two-headed ogre hits you with a +0 giant spiked club!!
* * * LOW HITPOINT WARNING * * *
The two-headed ogre hits you with a +0 giant spiked club!!
You die...

,,,,,****,,*** **,,,*
,,,,** *,,,.######....#*
,,,,* **,,,...........*
,,,,* *,,,,,.........,**
,,,,* *.,,###.......,,,**
,,,,* **..##.......#****,**
,,,,* *,..o........# **,*
,,,,****,.......o...## ***
>,,,,,,,,......O@....#
,,,,,,,,,.....####...#
,,,,,,,,,...#** #...######
,,,,,,,,,.*..##* ##.......#
,,,,,,,,,**#...#*##.....###
,*,,,,,,,* *#...##.....##
***,,,,,** *#........## *
**,,,,* ##......## * **,,,*
##....###


You could see a two-headed ogre and 2 orc wizards.

Vanquished Creatures
  A two-headed ogre (D:8)
  Pikel (D:6)
  Joseph (D:8)
  A gargoyle (Bailey)
  Sigmund (D:6)
  3 yaks (D:8)
  A vampire (Bailey)
  A wyvern (D:7)
  An acid dragon (D:9)
  2 water moccasins
  A sky beast (D:7)
  An orc warrior (D:7)
  2 black bears
  An ice beast (D:6)
  A tengu (D:8)
  A wolf (D:9)
  3 ogres
  A phantom (D:6)
  5 bullfrogs
  3 kobold brigands
  A necrophage (D:5)
  3 scorpions
  2 howler monkeys
  7 vampire bats (Bailey)
  8 wolf zombies (Bailey)
  A jelly (D:5)
  2 hounds (D:4)
  2 gnoll shamans
  Jessica (D:3)
  2 iguanas
  4 orc wizards
  Robin (D:2)
  2 adders
  15 gnolls
  A white imp (D:5)
  An ufetubus (D:6)
  A worm (D:4)
  A dart slug (D:5)
  9 orcs
  3 bats
  2 bat zombies (D:5)
  10 endoplasms
  3 giant cockroaches
  12 goblins
  12 hobgoblins
  2 quokkas
  10 ball pythons
  8 frilled lizards
  18 kobolds
  21 orc zombies (Bailey)
  9 rats
  A rat zombie (D:5)
207 creatures vanquished.

Notes
Turn   | Place    | Note
-------+----------+-------------------------------------------
     0 | D:1      | snarfax the Minotaur Berserker began the quest for the Orb.
     0 | D:1      | Reached XP level 1. HP: 19/19 MP: 0/0
    27 | D:1      | Reached skill level 4 in Axes
    47 | D:1      | Reached XP level 2. HP: 20/26 MP: 1/1
   128 | D:1      | Found a faded altar of an unknown god.
   852 | D:1      | Reached ** piety under Trog
  1019 | D:1      | Reached skill level 5 in Axes
  1081 | D:1      | Reached XP level 3. HP: 31/31 MP: 2/2
  1360 | D:2      | Noticed Robin
  1372 | D:2      | Killed Robin
  1381 | D:2      | Reached XP level 4. HP: 22/39 MP: 3/3
  1383 | D:2      | Reached skill level 6 in Axes
  2114 | D:3      | Found a transporter.
  2114 | D:3      | Noticed frimble's ghost (amateur GnWr)
  2144 | D:3      | Reached *** piety under Trog
  2322 | D:3      | Noticed Jessica
  2324 | D:3      | Killed Jessica
  2484 | D:3      | Reached skill level 7 in Axes
  2484 | D:3      | Reached XP level 5. HP: 10/45 MP: 4/4
  3312 | D:3      | Found a transporter.
  3385 | D:3      | Found Rezaok's Jewellery Boutique.
  3627 | D:4      | Reached skill level 8 in Axes
  3627 | D:4      | Reached XP level 6. HP: 34/51 MP: 3/5
  4291 | D:4      | Reached skill level 9 in Axes
  4723 | D:4      | Reached XP level 7. HP: 56/57 MP: 6/6
  5066 | D:5      | Entered Level 5 of the Dungeon
  5448 | D:5      | Reached skill level 10 in Axes
  5798 | D:5      | Reached **** piety under Trog
  5818 | D:5      | Reached skill level 11 in Axes
  5910 | D:5      | Found an ancient bone altar of Kikubaaqudgha.
  6430 | D:6      | Reached XP level 8. HP: 60/64 MP: 5/7
  6436 | D:6      | Reached skill level 12 in Axes
  7044 | D:6      | Noticed Sigmund
  7053 | D:6      | Killed Sigmund
  7288 | D:6      | Noticed Pikel
  7307 | D:6      | Killed Pikel
  7308 | D:6      | Reached skill level 14 in Axes
  7813 | D:6      | Reached XP level 9. HP: 69/70 MP: 6/8
  8168 | D:7      | Found a staircase to the Ecumenical Temple.
  8172 | D:7      | Reached skill level 15 in Axes
  8391 | D:7      | Identified the +1 ring mail of a Labyrinth {*Slow rCorr
                  | MP+9 Int+3}
  8736 | D:8      | Reached skill level 16 in Axes
  9021 | D:8      | Noticed a two-headed ogre
  9029 | D:8      | Killed a two-headed ogre
  9030 | D:8      | Reached skill level 17 in Axes
  9136 | D:8      | Reached XP level 10. HP: 70/77 MP: 7/9
  9294 | D:8      | Noticed Joseph
  9307 | D:8      | Killed Joseph
  9814 | D:9      | Found a flagged portal.
  9823 | Bailey   | Entered a bailey
 10333 | Bailey   | Reached skill level 18 in Axes
 10677 | Bailey   | Noticed a gargoyle
 10688 | Bailey   | Killed a gargoyle
 11070 | Bailey   | Identified the +3 ring mail of Indemnity {Will+ MP-9 Int+3
                  | Stlth+}
 11578 | D:9      | Noticed a two-headed ogre
 11585 | D:9      | Demolished by a two-headed ogre

Illustrated notes

Levels and vault maps discovered:
D:1:      saegor_arrival_simple_a, layout_loops_corners,
          hellmonk_ecumenical_altar_arch_garden
D:2:      layout_basic, uniq_robin
D:3:      layout_loops_ring, serial_shops, shop, gammafunk_ghost_arena,
          chequers_serial_rivers_micro_a, uniq_jessica
D:4:      layout_loops_cross
D:5:      layout_basic, lemuel_zombie_altar_kikubaaqudgha,
          minmay_misc_feat_cross, chequers_serial_rivers_small_a
D:6:      layout_loops_ring, uniq_pikel, uniq_sigmund
D:7:      layout_rooms, minmay_temple_entry_junction
D:8:      layout_cave_pools, uniq_joseph
D:9:      layout_layer_cave, enter_bailey_6

Skill      XL: |  1  2  3  4  5  6  7  8  9 10 |
---------------+-------------------------------+-----
Axes           | 4 5 7 8 9 11 14 17 18 | 18.6
Fighting       | |  3.6
Armour         | |  2.4
Dodging        | |  2.1

Action                   |  1- 3 |  4- 6 |  7- 9 | 10-12 || total
-------------------------+-------+-------+-------+-------++-------
Melee: Hand axe          |    34 |       |       |       ||    34
       War axe           |    53 |   100 |    19 |       ||   172
       Headbutt          |     6 |    13 |    32 |    24 ||    75
       Punch             |     1 |       |       |       ||     1
       Battleaxe         |       |       |   169 |   132 ||   301
Throw: Boomerang         |       |     2 |     3 |       ||     5
       Dart              |       |     2 |     5 |       ||     7
Invok: Berserk           |       |       |     2 |     1 ||     3
       Trog's Hand       |       |       |     1 |       ||     1
Evoke: Wand              |       |       |     1 |     4 ||     5
  Use: Scroll            |       |    12 |     5 |     1 ||    18
       Potion            |       |     1 |       |       ||     1
Armor: Animal skin       |     7 |       |       |       ||     7
       Leather armour    |     8 |    16 |       |       ||    24
       Chain mail        |       |       |    68 |    61 ||   129
       Ring mail         |       |       |     2 |       ||     2
       Scale mail        |       |       |       |     3 ||     3
Dodge: Dodged            |    46 |    54 |    59 |    59 ||   218
Block: Tower shield      |       |    17 |     7 |       ||    24

Table legend: (Time is in decaauts)
 A = Elapsed time spent in this place.
 B = Non-inter-level travel time spent in this place.
 C = Inter-level travel time spent in this place.
 D = Time resting spent in this place.
 E = Time spent auto-exploring this place.
 F = Levels seen in this place.
 G = Mean time per level.
                   A        B        C        D        E       F      G
               +--------+--------+--------+--------+--------+-----+--------+
         Total |  11666 |  11383 |    283 |   2815 |   6851 |  10 | 1166.6 |
       Dungeon |  10258 |   9975 |    283 |   1996 |   6568 |   9 | 1139.8 |
        Bailey |   1408 |   1408 |      0 |    819 |    283 |   1 | 1408.0 |
               +--------+--------+--------+--------+--------+-----+--------+

Top non-repeatable levels by time:
     D:6: 1587 daAuts
     D:3: 1410 daAuts
  Bailey: 1408 daAuts
     D:4: 1324 daAuts
     D:2: 1241 daAuts
     D:5: 1191 daAuts
     D:1: 1144 daAuts
     D:8: 1078 daAuts
     D:7: 894 daAuts
     D:9: 387 daAuts
